 Dungeon Crawl Stone Soup version 0.22.1-1-ga44c0e56f4 (webtiles) character file.

133031 Gargoyl the Corrupter of Planes (level 16, -1/136 HPs)
             Began as a Centaur Abyssal Knight on Nov 3, 2018.
             Was the Champion of Lugonu.
             Slain by Asterion
             ... wielding a +3 demon whip of freezing
              (4 damage)
             ... on level 1 of the Snake Pit.
             The game lasted 01:20:00 (52055 turns).

Gargoyl the Corrupter of Planes (CeAK)             Turns: 52055, Time: 01:20:00

Health: -1/136     AC: 30    Str: 25    XL:     16   Next: 58%
Magic:  26/26      EV:  1    Int: 11    God:    Lugonu [******]
Gold:   547        SH: 15    Dex: 12    Spells: 15/15 levels left

rFire    + + +     SeeInvis .   V - +5 war axe (elec)
rCold    + . .     Gourm    .   s - +0 shield of the Shore {rF+}
rNeg     . . .     Faith    .   b - +0 gold dragon scales
rPois    +         Spirit   .   (helmet restricted)
rElec    +         Reflect  +   z - +2 cloak {rPois}
rCorr    .         Harm     .   u - +2 pair of gloves "Peotru" {Str+2 Stlth+}
MR       ++...                  F - +2 centaur barding {rF+}
Stlth    ..........             J - +4 amulet of reflection
HPRegen  0.00/turn              U - ring "Vofij" {rElec rPois}
MPRegen  0.20/turn              I - +4 ring of strength

@: drained, very quick
A: large, beak, hooves 3, blink, deformed body, speed 2, magic resistance 1,
screaming 1, inhibited regeneration, tough skin 3
a: Blink, Depart the Abyss, Bend Space, Banish, Corrupt, Enter the Abyss, Brand
Weapon With Distortion, Renounce Religion


You were on level 1 of the Snake Pit.
You worshipped Lugonu.
Lugonu was exalted by your worship.
You were not hungry.

You visited 4 branches of the dungeon, and saw 25 of its levels.
You visited the Abyss 2 times.
You visited 1 bazaar.

You collected 3079 gold pieces.
You spent 2532 gold pieces at shops.

Inventory:

Hand Weapons
 a - a +4 hand axe
 S - a +2 broad axe of freezing
 V - a +5 war axe of electrocution (weapon)
Missiles
 D - 8 javelins of returning (quivered)
Armour
 b - +0 gold dragon scales (worn)
 i - a +2 helmet of see invisible
 s - the +0 shield of the Shore (worn) {rF+}
   (You found it on level 6 of the Dungeon)

   It protects you from fire.
 u - the +2 pair of gloves "Peotru" (worn) {Str+2 Stlth+}
   (You found it on level 6 of the Dungeon)

   It affects your strength (+2).
   It makes you more stealthy.
 z - a +2 cloak of poison resistance (worn)
 F - a +2 centaur barding of fire resistance (worn)
Jewellery
 d - an uncursed ring of protection from magic
 m - an uncursed ring of resist corrosion
 C - an uncursed ring of protection from cold
 I - a +4 ring of strength (right hand)
 J - a +4 amulet of reflection (around neck)
 P - the ring "Guurr" {rF+ Dex+4}
   (You found it on level 6 of the Lair of Beasts)

   [ring of dexterity]

   It affects your dexterity (+4).
   It protects you from fire.
 U - the ring "Vofij" (left hand) {rElec rPois}
   (You took it off a centaur warrior on level 14 of the Dungeon)

   [ring of poison resistance]

   It insulates you from electricity.
   It protects you from poison.
Wands
 e - a wand of polymorph (15)
 h - a wand of flame (88)
 t - a wand of random effects (178)
 A - a wand of paralysis (17)
 H - a wand of acid (9)
 L - a wand of disintegration (12)
 Q - a wand of clouds (5)
Scrolls
 n - 11 scrolls of remove curse
 q - 4 scrolls of blinking
 r - 11 scrolls of teleportation
 w - a scroll of fog
 E - 2 scrolls of holy word
 G - 2 scrolls of fear
 M - 7 scrolls of identify
 N - 3 scrolls of magic mapping
 O - 2 scrolls of immolation
Potions
 f - 3 potions of invisibility
 g - a potion of resistance
 j - 4 potions of brilliance
 k - a potion of might
 l - a potion of haste
 o - 2 potions of magic
 p - 4 potions of flight
 v - 4 potions of curing
 R - 3 potions of agility
Comestibles
 c - 28 rations


   Skills:
 + Level 10.7(9.4) Fighting
 + Level 13.8(12.4) Axes
 + Level 1.9(0.9) Throwing
 * Level 13.1(11.8) Armour
 + Level 2.3(1.3) Dodging
 + Level 8.9(7.7) Shields
 * Level 14.1(12.8) Invocations
 + Level 1.2(0.2) Evocations


You had 15 spell levels left.
You didn't know any spells.
Your spell library contained the following spells:

 Spells                   Type           Power        Failure   Level  Hunger
 Animate Skeleton         Necr           N/A          100%        1    ##.....
 Apportation              Tloc           #.....       100%        1    ##.....
 Beastly Appendage        Tmut           #.....       100%        1    ##.....
 Confusing Touch          Hex            #.....       100%        1    ##.....
 Infusion                 Chrm           #...         100%        1    ##.....
 Magic Dart               Conj           #...         100%        1    ##.....
 Summon Small Mammal      Summ           #...         100%        1    ##.....
 Blink                    Tloc           N/A          100%        2    ###....
 Call Imp                 Summ           #.......     100%        2    ###....
 Corpse Rot               Necr           N/A          100%        2    ###....
 Shroud of Golubria       Chrm/Tloc      #.........   100%        2    ###....
 Slow                     Hex            #.......     100%        2    ###....
 Sticks to Snakes         Tmut           #.......     100%        2    ###....
 Sublimation of Blood     Necr           #.........   100%        2    ###....
 Swiftness                Chrm/Air       #.......     100%        2    ###....
 Call Canine Familiar     Summ           #.......     100%        3    ####...
 Conjure Flame            Conj/Fire      #.......     100%        3    ####...
 Mephitic Cloud           Conj/Pois/Air  #.......     100%        3    ####...
 Recall                   Summ/Tloc      N/A          100%        3    ####...
 Spider Form              Tmut/Pois      #.........   100%        3    ####...
 Summon Guardian Golem    Hex/Summ       #.......     100%        3    ####...
 Ice Form                 Ice/Tmut       #.......     100%        4    #####..
 Summon Ice Beast         Ice/Summ       #.......     100%        4    #####..
 Summon Lightning Spire   Summ/Air       #.......     100%        4    #####..
 Agony                    Necr           #.......     100%        5    ######.
 Aura of Abjuration       Summ           #.........   100%        5    ######.
 Blade Hands              Tmut           #.........   100%        5    ######.
 Bolt of Draining         Conj/Necr      #.........   100%        5    ######.
 Bolt of Magma            Conj/Fire/Erth #.........   100%        5    ######.
 Dispel Undead            Necr           #.......     100%        5    ######.
 Excruciating Wounds      Chrm/Necr      #.........   100%        5    ######.
 Irradiate                Conj/Tmut      #.........   100%        5    ######.
 Iskenderun's Battlesphe  Conj/Chrm      #.......     100%        5    ######.
 Summon Demon             Summ           #.........   100%        5    ######.
 Summon Forest            Summ/Tloc      #.........   100%        5    ######.
 Summon Mana Viper        Hex/Summ       #.......     100%        5    ######.
 Venom Bolt               Conj/Pois      #.........   100%        5    ######.
 Yara's Violent Unravell  Hex/Tmut       #.........   100%        5    ######.
 Iron Shot                Conj/Erth      #.........   100%        6    #######
 Shadow Creatures         Summ           N/A          100%        6    #######
 Orb of Destruction       Conj           #.........   100%        7    #######
 Spellforged Servitor     Conj/Summ      #.........   100%        7    #######


Dungeon Overview and Level Annotations

Branches:
Dungeon (15/15)            Temple (0/1) D:7            Lair (6/6) D:11
  Swamp (0/4) Lair:4        Snake (2/4) Lair:3        Slime (0/5) Lair:5
    Orc (2/2) D:11            Elf (0/3) Orc:2        Vaults (0/5) D:14
 Depths (0/5) D:15

Altars:
Cheibriados
Nemelex Xobeh
Qazlal
Ru
Vehumet
The Shining One
Beogh
Jiyva

Shops:
D:11 *   Orc:2 !?*[

Annotations:
D:10 exclusion: orange crystal statue
D:12 1 transporter, Cykl0x's ghost, journeyman GrFi
Snake:1 Asterion
Abyss:1 Agnes


Innate Abilities, Weirdness & Mutations

You have hooves in place of feet.
Armour fits poorly on your strangely shaped body.
You cover ground very quickly.
You have extremely tough skin. (AC +3)
You have a beak for a mouth.
You can translocate small distances at will.
You are resistant to hostile enchantments. (MR+)
You occasionally shout uncontrollably at your foes.
You do not regenerate when monsters are visible.


Message History

Asterion blocks your attack.
Asterion is heavily wounded.
You hit the balrug but do no damage.
Asterion hits you with a demon whip of freezing!
* * * LOW HITPOINT WARNING * * *
Asterion freezes you.
* * * LOW HITPOINT WARNING * * *
Asterion gores you.
* * * LOW HITPOINT WARNING * * *
The balrug hits you but does no damage.
You feel drained.
Asterion hits you with a demon whip of freezing!
* * * LOW HITPOINT WARNING * * *
Asterion freezes you.
* * * LOW HITPOINT WARNING * * *
Asterion gores you but does no damage.
You feel better.
Asterion hits you with a demon whip of freezing!!
* * * LOW HITPOINT WARNING * * *
Asterion freezes you.
You die...

............####.....#####...#..#
#...........# #.##.##.8.####....
#.........#######.###.....# #####
##.......####..##.###8.>.8# #
#....††###........##.....# #
##...#.##.......##.##...## ##
####...........##.###'### #.
#.#.........2####.....## ##.
###..........@###...8...## #.#
##.##.........H##.........###.#
#...########.###..8..>..8..##.#
#........##..##.............##.
##..........##......)8.......##
#...########.....#.....#.....#
##..## ##..8..#.....#..8..# #...#
#.....##..8..##..... #...#
#.....##.....##.....


You could see Asterion and a balrug.

Vanquished Creatures
  Saint Roka (Snake:1)
  Rupert (Orc:1)
  Kirke (D:12)
  A stone giant (Orc:2)
  Azrael (D:13)
  A dire elephant (D:15)
  Snorg (Lair:6)
  Josephine (Lair:5)
  3 ogre magi
  Harold (D:8)
  A death knight (D:13)
  4 centaur warriors
  15 two-headed ogres
  Erica (D:9)
  A queen ant (Lair:6)
  7 anacondas
  A tengu warrior (D:14)
  Urug (D:13)
  A shock serpent (Snake:2)
  An iron troll (Orc:1)
  A deep troll (Orc:2)
  2 unseen horrors
  A naga ritualist (Snake:1)
  A deep elf archer (D:14)
  2 orc knights
  2 phantasmal warriors (D:13)
  7 ugly things (D:15)
  A wolf spider zombie (D:15)
  A wolf spider (Lair:6)
  4 deep elf magi (D:14)
  2 orc sorcerers
  2 manticores
  2 mana vipers
  4 cyclopes
  3 salamanders
  7 elephants
  24 black mambas
  9 naga magi
  Maurice (D:8)
  2 centaur zombies (D:12)
  13 spiny frogs
  A guardian serpent (Lair:6)
  Psyche (D:8)
  3 gargoyles
  A torpor snail (Lair:5)
  2 rime drakes
  2 kobold demonologists (D:11)
  2 efreet
  8 komodo dragons
  2 yaktaurs (D:14)
  2 ice devils (Lair:1)
  2 queen bees
  3 meliai (D:14)
  11 trolls
  3 hornets
  A meliai zombie (D:15)
  9 polar bears (Lair:6)
  8 blink frogs
  Prince Ribbit (D:8)
  11 slime creatures
  2 raiju (Lair:6)
  10 hippogriffs
  2 dream sheep
  2 shadows
  Sigmund (D:5)
  2 redbacks (Lair:6)
  7 wraiths
  41 yaks
  13 wyverns
  6 fire elementals (D:13)
  3 basilisks
  4 hungry ghosts
  A hog (D:13)
  15 vampire mosquitoes
  A harpy simulacrum (D:13)
  10 nagas
  11 soldier ants
  An acid dragon (D:13)
  4 wargs (Lair:6)
  24 water moccasins
  16 hell hounds
  7 porcupines
  An eye of draining (D:15)
  25 orc warriors
  8 ice beasts
  12 black bears
  4 sky beasts
  2 necrophages (D:11)
  3 phantoms
  23 wolves
  22 ogres
  A centaur (shapeshifter) (D:14)
  13 crocodiles
  20 centaurs
  12 big kobolds
  Blork the orc (D:5)
  22 bullfrogs
  2 wyvern skeletons (D:14)
  6 scorpions
  48 killer bees
  7 wights (D:15)
  A howler monkey (D:10)
  6 crimson imps
  2 quasits
  11 hounds
  4 jellies
  19 orc priests
  2 bullfrog skeletons
  10 iguanas
  5 centaur skeletons
  23 orc wizards
  6 hell rats
  20 worker ants
  2 hound skeletons
  3 worker ant zombies
  4 gnolls (D:4)
  13 adders
  17 river rats
  4 shadow imps
  2 white imps (D:13)
  An ufetubus (D:15)
  An adder zombie (D:8)
  A worm (D:4)
  2 dart slugs
  5 leopard geckos
  82 orcs
  2 ball pythons (Snake:1)
  6 giant cockroaches
  13 goblins
  5 hobgoblins
  6 jackals
  9 quokkas
  8 bats
  12 frilled lizards
  20 kobolds
  A leopard gecko zombie (D:7)
  A quokka zombie (D:6)
  30 rats
  5 fungi
  A plant (Lair:6)
989 creatures vanquished.

Vanquished Creatures (collateral kills)
  A killer bee (D:8)
1 creature vanquished.

Vanquished Creatures (others)
  2 entropy weavers (Lair:5)
  Nessos (Orc:2)
  3 hydras
  The ghost of jt the Destroyer, a journeyman DgCj (D:11)
  An ugly thing (D:14)
  A yaktaur (D:14)
  A hornet (Lair:6)
  3 humans (D:13)
  A wyvern (D:8)
  A basilisk (D:14)
  A naga (Snake:1)
  A soldier ant (Lair:5)
  A centaur (D:14)
  A bullfrog (D:15)
  An orc (D:13)
  10 fungi
  18 plants
48 creatures vanquished.

Grand Total: 1038 creatures vanquished

Notes
Turn   | Place    | Note
-------+----------+-------------------------------------------
     0 | Abyss:1  | Gargoyl the Centaur Abyssal Knight began the quest for the
                  | Orb.
     0 | Abyss:1  | Reached XP level 1. HP: 19/19 MP: 2/2
    62 | Abyss:1  | Found a sparkling altar of Nemelex Xobeh.
    91 | Abyss:1  | Noticed a small abomination
   106 | Abyss:1  | Noticed a thrashing horror
   109 | D:1      | Escaped the Abyss
   422 | D:1      | Reached * piety under Lugonu
   425 | D:1      | Reached XP level 2. HP: 22/26 MP: 3/3
  1051 | D:1      | Reached XP level 3. HP: 27/31 MP: 4/4
  1816 | D:2      | Reached ** piety under Lugonu
  1829 | D:2      | Reached skill level 1 in Dodging
  1829 | D:2      | Reached XP level 4. HP: 15/39 MP: 4/6
  2582 | D:3      | Reached XP level 5. HP: 31/46 MP: 7/7
  2753 | D:3      | Found a faded altar of an unknown god.
  3116 | D:3      | Reached skill level 3 in Invocations
  3505 | D:4      | Reached XP level 6. HP: 46/52 MP: 8/8
  4566 | D:4      | Reached XP level 7. HP: 32/59 MP: 9/9
  6022 | D:5      | Entered Level 5 of the Dungeon
  6033 | D:4      | Reached skill level 1 in Evocations
  6202 | D:5      | Reached skill level 4 in Invocations
  6202 | D:5      | Noticed Sigmund
  6217 | D:5      | Killed Sigmund
  6217 | D:5      | Reached XP level 8. HP: 64/67 MP: 11/11
  6557 | D:5      | Reached skill level 5 in Armour
  6589 | D:5      | Found a sparkling altar of Nemelex Xobeh.
  6737 | D:5      | Reached *** piety under Lugonu
  6964 | D:5      | Noticed Blork the orc
  6977 | D:5      | Killed Blork the orc
  7509 | D:6      | Reached skill level 5 in Axes
  7753 | D:6      | Got a transparent shield
  7764 | D:6      | Identified the +0 shield of the Shore {rF+} (You found it
                  | on level 6 of the Dungeon)
  7844 | D:6      | Reached skill level 5 in Invocations
  8069 | D:6      | Got a pair of distressingly furry gloves
  8075 | D:6      | Identified the +2 pair of gloves "Peotru" {Str+2 Stlth+}
                  | (You found it on level 6 of the Dungeon)
  8466 | D:6      | Reached XP level 9. HP: 39/72 MP: 11/13
  9434 | D:7      | Found a staircase to the Ecumenical Temple.
 10245 | D:7      | Reached **** piety under Lugonu
 11364 | D:8      | Identified the Reference Book on Good Luck and
                  | Transmutation
 11402 | D:8      | Reached skill level 5 in Fighting
 11402 | D:8      | Reached skill level 1 in Shields
 11469 | D:8      | Reached skill level 6 in Invocations
 11484 | D:8      | HP: 3/74 [poisoned by a killer bee]
 11491 | D:8      | HP: 3/74 [poisoned by a killer bee]
 11496 | D:8      | HP: 2/74 [poisoned by a killer bee]
 11501 | D:7      | HP: 2/74 [poisoned by a killer bee]
 11508 | D:7      | HP: 2/74 [poisoned by a killer bee]
 11958 | D:8      | Noticed Psyche
 11962 | D:8      | Paralysed by Psyche for 5 turns
 11972 | D:8      | Killed Psyche
 12718 | D:8      | Noticed a queen bee
 12737 | D:8      | Killed a queen bee
 12890 | D:8      | Noticed Prince Ribbit
 12943 | D:8      | Killed Prince Ribbit
 12943 | D:8      | Reached XP level 10. HP: 48/81 MP: 15/15
 13187 | D:8      | Noticed Maurice
 13204 | D:8      | Killed Maurice
 13239 | D:8      | Reached skill level 7 in Invocations
 13540 | D:8      | Noticed Harold
 13562 | D:8      | Killed Harold
 14576 | D:9      | Noticed Erica
 14685 | D:9      | Killed Erica
 15154 | D:9      | Found a radiant altar of Vehumet.
 15162 | D:9      | Noticed a two-headed ogre
 15178 | D:9      | Killed a two-headed ogre
 15443 | D:9      | Reached XP level 11. HP: 82/89 MP: 16/16
 15701 | D:9      | Identified a scroll of acquirement
 15855 | D:10     | Entered Level 10 of the Dungeon
 15977 | D:10     | Noticed an orange crystal statue
 16309 | D:10     | Reached ***** piety under Lugonu
 16446 | D:10     | Reached skill level 8 in Invocations
 16832 | D:10     | Paralysed by a hornet for 3 turns
 17303 | D:11     | Found Nisozof's Needful Niceties.
 17327 | D:11     | Found a flickering gateway to a bazaar.
 17333 | Bazaar   | Entered a bazaar
 17346 | Bazaar   | Found Ziekucvumoi's Food Emporium.
 17346 | Bazaar   | Found Gusurph's Jewellery Emporium.
 17382 | Bazaar   | Found Ujumyokh's Magic Scroll Shoppe.
 17382 | Bazaar   | Found Ricajuts's Magic Scroll Shoppe.
 17400 | Bazaar   | Bought a scroll of holy word for 82 gold pieces
 17400 | Bazaar   | Bought a scroll of teleportation for 33 gold pieces
 17420 | Bazaar   | Bought a scroll of teleportation for 54 gold pieces
 17420 | Bazaar   | Bought a scroll of fear for 63 gold pieces
 17420 | Bazaar   | Bought a scroll of fear for 63 gold pieces
 17420 | Bazaar   | Bought a scroll of holy word for 135 gold pieces
 17526 | D:11     | Noticed an eight-headed hydra
 17527 | D:11     | Banished an eight-headed hydra
 17895 | D:11     | Found a staircase to the Orcish Mines.
 17905 | D:11     | Found a roughly hewn altar of Beogh.
 18171 | D:11     | Found a runed gate.
 18171 | D:11     | Found a runed gate.
 18171 | D:11     | Noticed jt's ghost (journeyman DgCj)
 18172 | D:11     | Found a runed gate.
 18340 | D:11     | Found a staircase to the Lair.
 18677 | D:11     | Noticed a soul eater
 19131 | D:11     | Banished jt's ghost
 19725 | Lair:1   | Entered Level 1 of the Lair of Beasts
 20267 | Lair:1   | Reached skill level 9 in Invocations
 21160 | Lair:1   | Reached XP level 12. HP: 56/100 MP: 18/18
 23477 | Lair:2   | Reached skill level 10 in Armour
 25167 | Lair:3   | Noticed a seven-headed hydra
 25354 | Lair:3   | Banished a seven-headed hydra
 26105 | Lair:3   | Reached skill level 10 in Axes
 26200 | Lair:3   | Found a stormy altar of Qazlal.
 26221 | Lair:3   | Found a staircase to the Snake Pit.
 26303 | Lair:3   | Reached skill level 10 in Invocations
 26309 | Lair:3   | Reached skill level 5 in Shields
 28132 | Lair:4   | Reached XP level 13. HP: 88/106 MP: 20/20
 29343 | Lair:4   | Found a staircase to the Swamp.
 29980 | Lair:6   | Entered Level 6 of the Lair of Beasts
 29992 | Lair:6   | Reached ****** piety under Lugonu
 30567 | Lair:6   | Reached skill level 1 in Throwing
 30829 | Lair:5   | Noticed Josephine
 31492 | Lair:5   | Found a viscous altar of Jiyva.
 31492 | Lair:5   | Found a staircase to the Slime Pits.
 31825 | Lair:5   | Noticed an entropy weaver
 31829 | Lair:5   | Banished an entropy weaver
 31829 | Lair:5   | Reached skill level 11 in Invocations
 31834 | Lair:5   | Noticed an entropy weaver
 31845 | Lair:5   | You fall through a shaft!
 33099 | Lair:5   | Banished an entropy weaver
 33150 | Lair:5   | Killed Josephine
 33507 | Lair:6   | Reached XP level 14. HP: 62/116 MP: 22/22
 34942 | Lair:6   | Noticed Snorg
 35008 | Lair:6   | Killed Snorg
 38237 | Lair:6   | Got a vibrating jade ring
 38777 | D:12     | Reached skill level 12 in Invocations
 39359 | D:12     | Noticed Cykl0x's ghost (journeyman GrFi)
 39360 | D:12     | Found a transporter.
 39360 | D:12     | Noticed a fire giant
 39443 | D:13     | Noticed Azrael
 39475 | D:13     | Killed Azrael
 40362 | D:13     | Noticed Kirke
 40541 | D:12     | Killed Kirke
 41094 | D:13     | Noticed Urug
 41107 | D:13     | Killed Urug
 41884 | D:14     | Reached XP level 15. HP: 118/124 MP: 24/24
 42544 | D:14     | Got a pitted silver ring
 42659 | D:14     | Found a gate to the Vaults.
 42973 | D:14     | Found a sacrificial altar of Ru.
 43050 | D:14     | Found a glowing golden altar of the Shining One.
 43169 | D:15     | Entered Level 15 of the Dungeon
 43709 | D:15     | Identified the ring "Guurr" {rF+ Dex+4} (You found it on
                  | level 6 of the Lair of Beasts)
 43711 | D:15     | Identified the ring "Vofij" {rElec rPois} (You took it off
                  | a centaur warrior on level 14 of the Dungeon)
 44002 | D:15     | Found a staircase to the Depths.
 44192 | D:15     | Found a snail-covered altar of Cheibriados.
 44315 | D:15     | Reached skill level 13 in Invocations
 44368 | D:15     | Noticed Agnes
 44423 | D:15     | Gained mutation: You have a beak for a mouth. [potion of
                  | mutation]
 44423 | D:15     | Gained mutation: You occasionally shout uncontrollably at
                  | your foes. [potion of mutation]
 44423 | D:15     | Gained mutation: You have sharp fingernails. [potion of
                  | mutation]
 44423 | D:15     | Gained mutation: Your system is resistant to poisons.
                  | (rPois) [potion of mutation]
 44423 | D:15     | HP: 2/126 [Agnes/lajatang of pain (6)]
 44699 | D:15     | Escaped the Abyss
 44701 | D:15     | Banished Agnes
 45532 | Orc:1    | Entered Level 1 of the Orcish Mines
 45534 | Orc:1    | Found a radiant altar of Vehumet.
 45594 | Orc:1    | Lost mutation: You occasionally shout uncontrollably at
                  | your foes. [potion of mutation]
 45594 | Orc:1    | Lost mutation: You have sharp fingernails. [potion of
                  | mutation]
 45594 | Orc:1    | Gained mutation: You are weak. (Str -2) [potion of
                  | mutation]
 45594 | Orc:1    | Gained mutation: Your magical capacity is low. (-10% MP)
                  | [potion of mutation]
 45594 | Orc:1    | Gained mutation: You have a pair of small horns on your
                  | head. [potion of mutation]
 45965 | Orc:2    | Entered Level 2 of the Orcish Mines
 45969 | Orc:2    | Found a roughly hewn altar of Beogh.
 46027 | Orc:2    | Noticed Nessos
 46037 | Orc:2    | Killed Nessos
 47068 | Orc:2    | Reached skill level 10 in Fighting
 47178 | Orc:2    | Noticed Rupert
 47182 | Orc:2    | Paralysed by Rupert for 7 turns
 47242 | Orc:1    | Killed Rupert
 47242 | Orc:1    | Reached XP level 16. HP: 110/134 MP: 23/23
 47378 | Orc:2    | Found a staircase to the Elven Halls.
 47526 | Orc:2    | Found Qocadiz's General Store.
 47528 | Orc:2    | Found Tudy's Antique Armour Boutique.
 47532 | Orc:2    | Found Sihum's Distillery.
 47532 | Orc:2    | Found Boluet's Magic Scroll Shop.
 47914 | Orc:2    | Bought a scroll of teleportation for 30 gold pieces
 47914 | Orc:2    | Bought a scroll of brand weapon for 200 gold pieces
 47920 | Orc:2    | Bought gold dragon scales for 1760 gold pieces
 47958 | Orc:2    | Bought a potion of mutation for 112 gold pieces
 47958 | Orc:2    | Lost mutation: Your magical capacity is low. (-10% MP)
                  | [potion of mutation]
 47958 | Orc:2    | Lost mutation: You have a pair of small horns on your head.
                  | [potion of mutation]
 47958 | Orc:2    | Lost mutation: You are weak. (Str -2) [potion of mutation]
 47958 | Orc:2    | Lost mutation: Your system is resistant to poisons. (rPois)
                  | [potion of mutation]
 47958 | Orc:2    | Gained mutation: You can translocate small distances at
                  | will. [potion of mutation]
 47958 | Orc:2    | Gained mutation: You do not regenerate when monsters are
                  | visible. [potion of mutation]
 47958 | Orc:2    | Gained mutation: You occasionally shout uncontrollably at
                  | your foes. [potion of mutation]
 47958 | Orc:2    | Gained mutation: You are resistant to hostile enchantments.
                  | (MR+) [potion of mutation]
 48309 | Snake:1  | Entered Level 1 of the Snake Pit
 50157 | Snake:1  | Got a spiked centaur barding
 50168 | Snake:1  | Identified the +0 centaur barding "Gunaum Kiusi" {rElec
                  | rPois MR-} (You acquired it on level 1 of the Snake Pit)
 50379 | Snake:2  | Reached skill level 14 in Invocations
 50915 | Snake:2  | Noticed Saint Roka
 51177 | Snake:1  | Killed Saint Roka
 51632 | Snake:2  | Noticed Asterion
 52055 | Snake:1  | HP: 3/136 [Asterion/demon whip of freezing (24)]
 52055 | Snake:1  | Slain by Asterion

Skill      XL: |  1  2  3  4  5  6  7  8  9 10 11 12 13 14 15 16 |
---------------+-------------------------------------------------+-----
Axes           | 2 3 4 5 6 7 9 10 11 12 13 | 13.8
Armour         | 2 3 4 6 7 8 9 10 11 12 13 | 13.1
Dodging        | 1 2 |  2.3
Invocations    | 3 4 5 6 7 9 10 11 12 13 14 | 14.1
Fighting       | 4 5 6 7 8 9 10 | 10.7
Evocations     | 1 |  1.2
Shields        | 1 2 4 5 6 7 8 |  8.9
Throwing       | 1 |  1.9

Action                   |  1- 3 |  4- 6 |  7- 9 | 10-12 | 13-15 | 16-18 || total
-------------------------+-------+-------+-------+-------+-------+-------++-------
Melee: Hand axe          |   114 |   154 |   607 |  1634 |  1709 |       ||  4218
       Kick              |    21 |    33 |   158 |   460 |   850 |    92 ||  1614
       Broad axe         |       |       |       |       |   328 |       ||   328
       Unarmed           |       |       |       |       |     3 |       ||     3
       War axe           |       |       |       |       |   325 |   287 ||   612
       Peck              |       |       |       |       |    46 |    55 ||   101
       Headbutt          |       |       |       |       |    28 |    11 ||    39
Throw: Tomahawk          |       |       |     5 |     5 |       |       ||    10
       Javelin           |       |       |       |    17 |    31 |       ||    48
Invok: Depart the Abyss  |     1 |       |       |       |     1 |       ||     2
       Banish            |       |       |     1 |     4 |    21 |       ||    26
       Bend Space        |       |       |       |       |     1 |       ||     1
       Enter the Abyss   |       |       |       |       |     1 |       ||     1
Evoke: Wand              |       |       |    10 |     2 |       |       ||    12
  Use: Potion            |     1 |     1 |     1 |     3 |    15 |     2 ||    23
       Scroll            |     4 |     5 |     7 |    10 |     9 |     4 ||    39
  Eat: Chunk             |     2 |     7 |    14 |    21 |    27 |     4 ||    75
       Ration            |       |       |     3 |    12 |    13 |     3 ||    31
Armor: Leather armour    |    21 |       |       |       |       |       ||    21
       Ring mail         |    56 |    29 |       |       |       |       ||    85
       Chain mail        |       |    80 |   153 |       |       |       ||   233
       Skin              |       |     1 |       |       |       |       ||     1
       Plate armour      |       |       |   258 |  1270 |  1521 |    24 ||  3073
       Gold dragon scale |       |       |       |       |       |   183 ||   183
Dodge: Dodged            |    67 |    45 |    58 |    94 |   229 |    21 ||   514
Block: Shield            |       |       |   151 |   760 |  1678 |   241 ||  2830
       Buckler           |       |       |     8 |       |       |       ||     8
       Reflection        |       |       |       |       |    53 |    10 ||    63
